TOP OF THE 1ST |
Manhatten Meatheads batting - Pitching for Minnesota Death Stars : RHP Dan Jones
|
Pitching: RHP Dan Jones
|
|
Batting: LHB Felipe Rivera
|
0-0: Ball 1-0: Ball 2-0: Ball 3-0: Called Strike 3-1: Ground out 4-3 (Groundball, 4)
|
Batting: RHB George Green
|
0-0: Swinging Strike 0-1: Swinging Strike 0-2: Ball 1-2: Strikes out swinging
|
Batting: LHB Miguel Pérez
|
0-0: Ball 1-0: Ball 2-0: Ball 3-0: Called Strike 3-1: Base on Balls
|
Batting: SHB António Ramírez
|
0-0: Ball 1-0: Called Strike 1-1: Fielders Choice at 2nd, 4-6 (Groundball, 34)
|
Top of the 1st over - 0 run(s), 0 hit(s), 0 error(s), 0 left on base; Manhatten 0 - Minnesota 0 |
BOTTOM OF THE 1ST |
Minnesota Death Stars batting - Pitching for Manhatten Meatheads : RHP Daniel Carter
|
Pitching: RHP Daniel Carter
|
|
Batting: RHB José Chávez
|
0-0: Ball 1-0: Called Strike 1-1: Called Strike 1-2: Strikes out looking
|
Batting: RHB Sean White
|
0-0: Ball 1-0: Ball 2-0: Called Strike 2-1: Foul Ball, location: 2F 2-2: Ball 3-2: Fly out, F7 (Flyball, 78D)
|
Batting: RHB William Robinson
|
0-0: Ball 1-0: Ball 2-0: Foul Ball, location: 2F 2-1: Ball 3-1: Base on Balls
|
Batting: RHB Alfredo Villegas
|
0-0: Called Strike 0-1: Ball 1-1: Ball 2-1: SINGLE (Groundball, 34D) William Robinson to second Runner from 2nd tries for 3rd, SAFE, no throw
|
Batting: LHB Emílio Montoya
|
0-0: Called Strike 0-1: Ball 1-1: Ball Wild Pitch! William Robinson scores Alfredo Villegas to second 2-1: Called Strike 2-2: Foul Ball, location: 2F 2-2: Foul Ball, location: 2F 2-2: Ball 3-2: Strikes out looking
|
Bottom of the 1st over - 1 run(s), 1 hit(s), 0 error(s), 1 left on base; Manhatten 0 - Minnesota 1 |
TOP OF THE 2ND |
Manhatten Meatheads batting - Pitching for Minnesota Death Stars : RHP Dan Jones
|
Batting: LHB Brent Haynes
|
0-0: Called Strike 0-1: Foul Ball, location: 2F 0-2: Ball 1-2: Strikes out swinging
|
Batting: LHB Eric Dillard
|
0-0: Ball 1-0: Called Strike 1-1: Swinging Strike 1-2: Ball 2-2: Ball 3-2: Ground out 4-3 (Groundball, 4M)
|
Batting: SHB José Sousa
|
0-0: Ball 1-0: Ball 2-0: Ball 3-0: Called Strike 3-1: Swinging Strike 3-2: Foul Ball, location: 2F 3-2: Strikes out looking
|
Top of the 2nd over - 0 run(s), 0 hit(s), 0 error(s), 0 left on base; Manhatten 0 - Minnesota 1 |
BOTTOM OF THE 2ND |
Minnesota Death Stars batting - Pitching for Manhatten Meatheads : RHP Daniel Carter
|
Batting: LHB William Harris
|
0-0: Fly out, F7 (Flyball, 7S)
|
Batting: RHB Manuel Cintrón
|
0-0: Ball 1-0: Ground out 6-3 (Groundball, 6)
|
Batting: RHB Ryan Williams
|
0-0: Called Strike 0-1: Fly out, F9 (Flyball, 9)
|
Bottom of the 2nd over - 0 run(s), 0 hit(s), 0 error(s), 0 left on base; Manhatten 0 - Minnesota 1 |
TOP OF THE 3RD |
Manhatten Meatheads batting - Pitching for Minnesota Death Stars : RHP Dan Jones
|
Batting: RHB José Esparza
|
0-0: Ball 1-0: Called Strike 1-1: Swinging Strike 1-2: Strikes out swinging
|
Batting: RHB Jeff Vickers
|
0-0: SINGLE (Line Drive, 8RS)
|
Batting: LHB Felipe Rivera
|
0-0: Called Strike Jeff Vickers is caught stealing 2nd base 0-1: Swinging Strike 0-2: Ball 1-2: Foul Ball, location: 2F 1-2: Ball 2-2: Ball 3-2: Base on Balls
|
Batting: RHB George Green
|
0-0: Called Strike 0-1: Ball 1-1: Swinging Strike 1-2: Fly out, F8 (Flyball, 8RM)
|
Top of the 3rd over - 0 run(s), 1 hit(s), 0 error(s), 1 left on base; Manhatten 0 - Minnesota 1 |
BOTTOM OF THE 3RD |
Minnesota Death Stars batting - Pitching for Manhatten Meatheads : RHP Daniel Carter
|
Batting: SHB Manuel Jiménez
|
0-0: Ball 1-0: Called Strike 1-1: Foul Ball, location: 2F 1-2: Ball 2-2: Ground out 4-3 (Groundball, 4S)
|
Batting: RHB José Chávez
|
0-0: Ball 1-0: Called Strike 1-1: Swinging Strike 1-2: Strikes out swinging
|
Batting: RHB Sean White
|
0-0: Called Strike 0-1: Fly out, F9 (Flyball, 9)
|
Bottom of the 3rd over - 0 run(s), 0 hit(s), 0 error(s), 0 left on base; Manhatten 0 - Minnesota 1 |
TOP OF THE 4TH |
Manhatten Meatheads batting - Pitching for Minnesota Death Stars : RHP Dan Jones
|
Batting: LHB Miguel Pérez
|
0-0: Foul Ball, location: 2F 0-1: Swinging Strike 0-2: Ball 1-2: Ball 2-2: Foul Ball, location: 2F 2-2: Foul Ball, location: 2F 2-2: Ball 3-2: Foul Ball, location: 2F 3-2: Base on Balls
|
Batting: SHB António Ramírez
|
0-0: Called Strike 0-1: Ball 1-1: Foul Ball, location: 2F 1-2: Foul Ball, location: 2F 1-2: Foul Ball, location: 2F 1-2: Foul Ball, location: 2F 1-2: Strikes out swinging
|
Batting: LHB Brent Haynes
|
0-0: Called Strike 0-1: Ball 1-1: SINGLE (Groundball, 4D) Miguel Pérez to second Runner from 2nd tries for 3rd, SAFE, throw made to third
|
Batting: LHB Eric Dillard
|
0-0: Called Strike 0-1: Swinging Strike 0-2: Ball 1-2: Strikes out swinging
|
Batting: SHB José Sousa
|
0-0: Called Strike 0-1: Swinging Strike 0-2: Ball 1-2: Foul Ball, location: 2F 1-2: Strikes out swinging
|
Top of the 4th over - 0 run(s), 1 hit(s), 0 error(s), 2 left on base; Manhatten 0 - Minnesota 1 |
BOTTOM OF THE 4TH |
Minnesota Death Stars batting - Pitching for Manhatten Meatheads : RHP Daniel Carter
|
Batting: RHB William Robinson
|
0-0: Foul Ball, location: 2F 0-1: Swinging Strike 0-2: Strikes out swinging
|
Batting: RHB Alfredo Villegas
|
0-0: Called Strike 0-1: Called Strike 0-2: Ball 1-2: Strikes out swinging
|
Batting: LHB Emílio Montoya
|
0-0: Ball 1-0: Called Strike 1-1: Swinging Strike 1-2: Strikes out swinging
|
Bottom of the 4th over - 0 run(s), 0 hit(s), 0 error(s), 0 left on base; Manhatten 0 - Minnesota 1 |
TOP OF THE 5TH |
Manhatten Meatheads batting - Pitching for Minnesota Death Stars : RHP Dan Jones
|
Batting: RHB José Esparza
|
0-0: Bunt for hit - play at first, batter OUT! 1-3
|
Batting: RHB Jeff Vickers
|
0-0: Called Strike 0-1: Foul Ball, location: 2F 0-2: Strikes out swinging
|
Batting: LHB Felipe Rivera
|
0-0: Foul Ball, location: 2F 0-1: Ball 1-1: Ball 2-1: Foul Ball, location: 2F 2-2: Ground out U3 (Groundball, 3L)
|
Top of the 5th over - 0 run(s), 0 hit(s), 0 error(s), 0 left on base; Manhatten 0 - Minnesota 1 |
BOTTOM OF THE 5TH |
Minnesota Death Stars batting - Pitching for Manhatten Meatheads : RHP Daniel Carter
|
Batting: LHB William Harris
|
0-0: Called Strike 0-1: Ball 1-1: SOLO HOME RUN (Flyball, 89XD), Distance : 395 ft
|
Batting: RHB Manuel Cintrón
|
0-0: Ball 1-0: Called Strike 1-1: Ground out 6-3 (Groundball, 56)
|
Batting: RHB Ryan Williams
|
0-0: Foul Ball, location: 2F 0-1: Ball 1-1: Foul Ball, location: 2F 1-2: Ball 2-2: Strikes out swinging
|
Batting: SHB Manuel Jiménez
|
0-0: Ball 1-0: Called Strike 1-1: Foul Ball, location: 2F 1-2: Ball 2-2: Foul Ball, location: 2F 2-2: Ball 3-2: Foul Ball, location: 2F 3-2: Foul Ball, location: 2F 3-2: Foul Ball, location: 2F 3-2: Foul Ball, location: 2F 3-2: Foul Ball, location: 2F 3-2: Base on Balls
|
Batting: RHB José Chávez
|
0-0: Ball 1-0: Ball 2-0: Ball 3-0: Called Strike 3-1: Foul Ball, location: 2F 3-2: Strikes out swinging
|
Bottom of the 5th over - 1 run(s), 1 hit(s), 0 error(s), 1 left on base; Manhatten 0 - Minnesota 2 |
TOP OF THE 6TH |
Manhatten Meatheads batting - Pitching for Minnesota Death Stars : RHP Dan Jones
|
Pitching: RHP Alfredo Ayala
|
|
Batting: RHB George Green
|
0-0: Foul Ball, location: 2F 0-1: Swinging Strike 0-2: Foul Ball, location: 2F 0-2: Ball 1-2: Foul Ball, location: 2F 1-2: Ball 2-2: Ball 3-2: Strikes out looking
|
Batting: LHB Miguel Pérez
|
0-0: DOUBLE (Line Drive, 78M)
|
Batting: SHB António Ramírez
|
0-0: Ball 1-0: Ball 2-0: Foul Ball, location: 2F 2-1: Ground out 1-3 (Groundball, 13) Miguel Pérez to third
|
Batting: LHB Brent Haynes
|
0-0: Ball 1-0: Called Strike 1-1: Ball 2-1: Foul Ball, location: 2F 2-2: Strikes out swinging
|
Top of the 6th over - 0 run(s), 1 hit(s), 0 error(s), 1 left on base; Manhatten 0 - Minnesota 2 |
BOTTOM OF THE 6TH |
Minnesota Death Stars batting - Pitching for Manhatten Meatheads : RHP Daniel Carter
|
Batting: RHB Sean White
|
0-0: Ball 1-0: SINGLE (Groundball, 56D)
|
Pitching: RHP Dave Mitchell
|
|
Batting: RHB William Robinson
|
0-0: Ball 1-0: Foul Ball, location: 2F 1-1: Foul Ball, location: 2F 1-2: Strikes out swinging
|
Batting: RHB Alfredo Villegas
|
0-0: Ball 1-0: Swinging Strike 1-1: Ball 2-1: Swinging Strike 2-2: Ball 3-2: DOUBLE (Flyball, 89XD) Sean White to third Runner from 3rd tries for Home, SAFE, no throw
|
Batting: LHB Emílio Montoya
|
0-0: Ball Alfredo Villegas steals 3rd base 1-0: Ball 2-0: Foul Ball, location: 2F 2-1: Foul Ball, location: 2F 2-2: SINGLE (Flyball, 78S) Alfredo Villegas scores
|
Batting: LHB William Harris
|
0-0: Called Strike 0-1: Ball 1-1: Foul Ball, location: 2F 1-2: Strikes out looking
|
Batting: RHB Manuel Cintrón
|
0-0: Ball Emílio Montoya is caught stealing 2nd base
|
Bottom of the 6th over - 2 run(s), 3 hit(s), 0 error(s), 0 left on base; Manhatten 0 - Minnesota 4 |
TOP OF THE 7TH |
Manhatten Meatheads batting - Pitching for Minnesota Death Stars : RHP Alfredo Ayala
|
Batting: LHB Eric Dillard
|
0-0: Ball 1-0: Ball 2-0: Foul Ball, location: 2F 2-1: SINGLE (Groundball, 2L) (infield hit)
|
Batting: SHB José Sousa
|
0-0: Called Strike 0-1: Ball 1-1: Ball 2-1: DOUBLE (Line Drive, 89D) Eric Dillard to third Runner from 3rd tries for Home, SAFE, no throw
|
Batting: RHB José Esparza
|
0-0: Ball 1-0: Ball 2-0: Foul Ball, location: 2F 2-1: Ball 3-1: Swinging Strike 3-2: Base on Balls
|
Batting: RHB Jeff Vickers
|
0-0: SINGLE (Groundball, 56D) José Sousa to third José Esparza to second Runner from 3rd tries for Home, SAFE, no throw
|
Pitching: LHP Kurt Brown
|
|
Batting: LHB Felipe Rivera
|
0-0: Foul Ball, location: 2F 0-1: Ball 1-1: Sac Bunt - play at first, batter OUT! U3 José Esparza to third Jeff Vickers to second
|
Batting: RHB George Green
|
0-0: Ball 1-0: Foul Ball, location: 2F 1-1: Fly out, F8 (Flyball, 78M) Runner from 3rd tags up, SCORES, no throw
|
Pitching: RHP Luis García
|
|
Batting: LHB Miguel Pérez
|
0-0: Called Strike 0-1: SINGLE (Line Drive, 89S) Jeff Vickers to third Runner from 3rd tries for Home, SAFE, no throw
|
Batting: SHB António Ramírez
|
0-0: Ball 1-0: Called Strike 1-1: Called Strike 1-2: Foul Ball, location: 2F 1-2: Strikes out swinging
|
Top of the 7th over - 4 run(s), 4 hit(s), 0 error(s), 1 left on base; Manhatten 4 - Minnesota 4 |
BOTTOM OF THE 7TH |
Minnesota Death Stars batting - Pitching for Manhatten Meatheads : RHP Dave Mitchell
|
Batting: RHB Manuel Cintrón
|
0-0: Called Strike 0-1: Foul Ball, location: 2F 0-2: Strikes out swinging
|
Batting: RHB Ryan Williams
|
0-0: Ball 1-0: Called Strike 1-1: Ground out U3 (Groundball, 34)
|
Pinch Hitting: LHB Tim Griffith
|
0-0: Foul Ball, location: 2F 0-1: Ball 1-1: Ball 2-1: Reached on error, E6 (Groundball, 6)
|
Batting: RHB José Chávez
|
0-0: Ball Tim Griffith steals 2nd base 1-0: Called Strike 1-1: Fly out, F8 (Flyball, 8RM)
|
Bottom of the 7th over - 0 run(s), 0 hit(s), 1 error(s), 1 left on base; Manhatten 4 - Minnesota 4 |
TOP OF THE 8TH |
Manhatten Meatheads batting - Pitching for Minnesota Death Stars : RHP Luis García
|
Now in CF: Tim Griffith
|
|
Batting: LHB Brent Haynes
|
0-0: Foul Ball, location: 2F 0-1: Ball 1-1: Ball 2-1: Swinging Strike 2-2: Ball 3-2: Foul Ball, location: 2F 3-2: Strikes out swinging, 2-3 out at first.
|
Batting: LHB Eric Dillard
|
0-0: Ball 1-0: Called Strike 1-1: Ball 2-1: Fly out, F9 (Flyball, 9LM)
|
Batting: SHB José Sousa
|
0-0: Called Strike 0-1: Ball 1-1: Ball 2-1: Foul Ball, location: 2F 2-2: Foul Ball, location: 2F 2-2: Strikes out looking
|
Top of the 8th over - 0 run(s), 0 hit(s), 0 error(s), 0 left on base; Manhatten 4 - Minnesota 4 |
BOTTOM OF THE 8TH |
Minnesota Death Stars batting - Pitching for Manhatten Meatheads : RHP Dave Mitchell
|
Batting: RHB Sean White
|
0-0: DOUBLE (Groundball, 5L)
|
Pinch Hitting: RHB Earl Godwin
|
0-0: Called Strike 0-1: Ball 1-1: Ball 2-1: SINGLE (Groundball, 4MD) Sean White to third
|
Batting: RHB Alfredo Villegas
|
0-0: Ball 1-0: Called Strike 1-1: Ball 2-1: Ball 3-1: Base on Balls Earl Godwin to second
|
Batting: LHB Emílio Montoya
|
0-0: Called Strike 0-1: Ball 1-1: Called Strike 1-2: SINGLE (Groundball, 34) Sean White scores Earl Godwin to third Alfredo Villegas to second
|
Pitching: LHP Donald Joseph
|
|
Pinch Hitting: RHB Vaughan Tillman
|
0-0: Ball 1-0: Ball 2-0: Called Strike 2-1: Swinging Strike 2-2: Ball 3-2: Base on Balls Earl Godwin scores Alfredo Villegas to third Emílio Montoya to second
|
Batting: RHB Manuel Cintrón
|
0-0: Ball 1-0: Foul Ball, location: 2F 1-1: Ball 2-1: Ball 3-1: Grounds into fielders choice 1-2 (Groundball, 13) Emílio Montoya to third Vaughan Tillman to second
|
Batting: RHB Ryan Williams
|
0-0: Swinging Strike 0-1: Foul Ball, location: 2F 0-2: Ball 1-2: Strikes out swinging
|
Batting: LHB Tim Griffith
|
0-0: Fielders Choice at 2nd, 4-6 (Groundball, 4)
|
Bottom of the 8th over - 2 run(s), 3 hit(s), 0 error(s), 2 left on base; Manhatten 4 - Minnesota 6 |
TOP OF THE 9TH |
Manhatten Meatheads batting - Pitching for Minnesota Death Stars : RHP Luis García
|
Pitching: RHP Raymond Gibbons
|
|
Now at 1B: Shannon Hunter
|
|
Now at SS: Earl Godwin
|
|
Batting: RHB José Esparza
|
0-0: SINGLE (Line Drive, 34)
|
Pinch Hitting: RHB Ismael Hidalgo
|
0-0: Ball 1-0: Foul Ball, location: 2F 1-1: Ball 2-1: Foul Ball, location: 2F 2-2: Foul Ball, location: 2F 2-2: Strikes out swinging
|
Batting: LHB Felipe Rivera
|
0-0: Foul Ball, location: 2F 0-1: Ball 1-1: Ball 2-1: Foul Ball, location: 2F 2-2: Ball 3-2: Fly out, F3 (Popup, 3L)
|
Batting: RHB George Green
|
0-0: Fly out, F8 (Flyball, 8LD)
|
Top of the 9th over - 0 run(s), 1 hit(s), 0 error(s), 1 left on base; Manhatten 4 - Minnesota 6 |
|